 Dungeon Crawl Stone Soup version 0.32-a0-891-gc41d80381e (webtiles) character file.

Game seed: 13938228411162167556

55 yrara the Trooper (level 3, 0/29 HPs)
             Began as a Demonspawn Fighter on Apr 3, 2024.
             Succumbed to Crazy Yiuf's poison
             ... on level 2 of the Dungeon.
             The game lasted 00:01:03 (1714 turns).

yrara the Trooper (Demonspawn Fighter)              Turns: 1714, Time: 00:01:04

Health: 0/29       AC:  6    Str: 18    XL:     3   Next: 67%
Magic:  3/3        EV:  8    Int:  8    God:
Gold:   121        SH:  0    Dex: 12    Spells: 2/2 levels left

rFire   . . .        a - +1 flail
rCold   . . .        (no shield)
rNeg    . . .        b - +0 scale mail
rPois   .            (helmet restricted)
rElec   .            (no cloak)
rCorr   .            (no gloves)
SInv    .            (no boots)
Will    .....        (no amulet) Stlth
                     (no ring)
HPRegen 0.24/turn    (no ring)
MPRegen 0.08/turn

%: no passive effects
@: mighty, lethally poisoned (0 -> -17)
A: antennae 1
a: no special abilities


You were on level 2 of the Dungeon.
You visited 1 branch of the dungeon, and saw 2 of its levels.

You collected 121 gold pieces.

Inventory:

Hand Weapons
 a - a +1 flail (weapon)
Armour
 b - a +0 scale mail (worn)
 c - a +0 buckler
Scrolls
 e - 2 scrolls of identify {unknown}
Potions
 f - a potion of ambrosia {unknown}
 g - a potion of magic {unknown}
 h - a potion of invisibility {unknown}
 i - a potion of degeneration {unknown}


   Skills:
 + Level 3.4 Fighting
 * Level 3.1 Maces & Flails
 + Level 3.0 Armour
 - Level 2.6 Shields


You had 2 spell levels left.
You didn't know any spells.
Your spell library contained the following spells:

 Spells                   Type           Power      Damage    Failure   Level
 Summon Small Mammal      Summ           0%         N/A       80%         1
 Call Canine Familiar     Summ           0%         N/A       99%         3
 Brom's Barrelling Bould  Conj/Erth      0%         2d3       100%        4
 Summon Blazeheart Golem  Fire/Summ      0%         N/A       100%        4
 Fireball                 Conj/Fire      0%         3d3       100%        5
 Iskenderun's Battlesphe  Conj           0%         2d6       100%        5
 Conjure Ball Lightning   Conj/Air       0%         3x3d6     100%        6
 Orb of Destruction       Conj           0%         9d5       100%        7


Dungeon Overview and Level Annotations

Branches:
Dungeon (2/15)

Altars:

Annotations:
D:2 Crazy Yiuf


Innate Abilities, Weirdness & Mutations

You have a pair of small antennae on your head.


Message History

No target in view!
You now have 121 gold pieces (gained 13).
Found a stone staircase leading down.
No target in view!
There is a stone staircase leading down here.
Found a stone staircase leading down.
No target in view!
There is a stone staircase leading down here.
Found 9 stones.
No target in view!
You see here 9 stones.
There is a stone staircase leading up here.
Key pressed, stopping explore.
No target in view!
Key pressed, stopping explore.
No target in view!
Things that are here:
a +0 dagger; 3 stones; a kobold skeleton Crazy Yiuf shouts!
Crazy Yiuf laughs, "Millenium!"
No reachable target in view!
Could not explore, unopened runed door.
No reachable target in view!
Could not explore, unopened runed door.
No reachable target in view!
Could not explore, unopened runed door.
No reachable target in view!
Unknown command.
As you open the door, it creaks loudly!
You barely miss Crazy Yiuf.
Crazy Yiuf flaps his cloak.
Crazy Yiuf hits you with a +4 quarterstaff of chaos!
Crazy Yiuf freezes you.
You feel very mighty all of a sudden.
Crazy Yiuf hits you with a +4 quarterstaff of chaos!
* * * LOW HITPOINT WARNING * * *
You are lethally poisoned!
You sock Crazy Yiuf!
Crazy Yiuf is almost dead.
You die...

####.#
#.####....####...#
.....# ##.# ##..##
###.# ###### ###
#....# #.# #
#...## ###.#
###### ##########
##.## #.#.# #.....
.........# #.##
#...###..#..
##.###.#.# ##.#
#..#......#.
.#.#...#.# #.##
#...#.[.....
.#.#.###.### ##@#
#.#.#....##.
...........# #g#
#...#..#.##.
.#.#.###.### ...
##..........
.....#.#.# #...#
#...#.##.##.
##.###.#.### #..)#
#..#..##.##.
...........# #####
##..........
....###.####
#..##.#..... .[..#
#.# ####
##..##....###
....###.## #..#
#.........#


You could see Crazy Yiuf.

Vanquished Creatures
  2 adders (D:2)
  A dart slug (D:2)
  An endoplasm (D:1)
  6 giant cockroaches (D:1)
  4 goblins (D:1)
  8 kobolds
  2 quokkas (D:1)
  A ball python (D:1)
  A bat (D:1)
  2 frilled lizards (D:1)
  3 rats (D:1)
31 creatures vanquished.

Notes
Turn   | Place    | Note
-------+----------+-------------------------------------------
     0 | D:1      | yrara the Demonspawn Fighter began the quest for the Orb.
     0 | D:1      | Reached XP level 1. HP: 18/18 MP: 1/1
   263 | D:1      | Gained mutation: You have a pair of small antennae on your
                  | head. [demonic ancestry]
   263 | D:1      | Reached XP level 2. HP: 11/24 MP: 2/2
   882 | D:1      | Reached XP level 3. HP: 29/29 MP: 3/3
  1259 | D:2      | Found a runed translucent door.
  1260 | D:2      | Noticed Crazy Yiuf
  1714 | D:2      | Succumbed to Crazy Yiuf's poison

Illustrated notes

Levels and vault maps discovered:
D:1:      dpeg_chamrin_arrival_tetris, layout_loops_corners
D:2:      layout_loops_ring, hangedman_abyss_or_decor_lesser_grid,
          minmay_misc_feat_roman, uniq_crazy_yiuf_cottage

Skill      XL: |  1  2  3 |
---------------+----------+-----
Maces & Flails | 2 3 |  3.1
Armour         | 3 |  3.0
Fighting       | |  3.4
Shields        | |  2.6

Action                     || total
---------------------------++-------
  Melee: Flail             ||    84
    Use: Scroll            ||     2
         Potion            ||     1
 Armour: Scale mail        ||    72
  Dodge: Dodged            ||    31

Table legend: (Time is in decaauts)
 A = Elapsed time spent in this place.
 B = Non-inter-level travel time spent in this place.
 C = Inter-level travel time spent in this place.
 D = Time resting spent in this place.
 E = Time spent auto-exploring this place.
 F = Levels seen in this place.
 G = Mean time per level.
                   A        B        C        D        E       F      G
               +--------+--------+--------+--------+--------+-----+--------+
         Total |   1737 |   1694 |     43 |     51 |   1413 |   2 |  868.5 |
       Dungeon |   1737 |   1694 |     43 |     51 |   1413 |   2 |  868.5 |
               +--------+--------+--------+--------+--------+-----+--------+

Top non-repeatable levels by time:
     D:1: 1077 daAuts
     D:2: 659 daAuts
